 Dungeon Crawl Stone Soup version 0.24.0-37-gcf1ca852f1 (webtiles) character file.

Game seed: 12527464609890759333, levelgen mode: deterministic

92 Emblim88 the Charlatan (level 4, -2/34 HPs)
             Began as a Gnoll Artificer on Nov 26, 2019.
             Slain by an orc (3 damage)
             ... on level 3 of the Dungeon.
             The game lasted 00:03:25 (1883 turns).

Emblim88 the Charlatan (Gnoll Artificer)            Turns: 1883, Time: 00:03:26

Health: -2/34      AC:  6    Str: 14    XL:     4   Next: 60%
Magic:  8/8        EV: 14    Int: 14    God:
Gold:   126        SH:  0    Dex: 16    Spells: 5/5 levels left

rFire    . . .     SeeInvis .   a - +0 short sword
rCold    . . .     Gourm    .   (no shield)
rNeg     . . .     Faith    .   b - +0 leather armour
rPois    .         Spirit   .   p - +2 helmet
rElec    .         Reflect  .   (no cloak)
rCorr    .         Harm     .   (no gloves)
MR       .....                  (no boots)
Stlth    ++........             (no amulet)
HPRegen  0.51/turn              (no ring)
MPRegen  0.11/turn              (no ring)

@: lightly drained
A: distributed training, fangs 1, blurry vision 1, regeneration 1, strong nose
a: no special abilities


You were on level 3 of the Dungeon.
You were very hungry.

You visited 1 branch of the dungeon, and saw 3 of its levels.

You collected 126 gold pieces.

Inventory:

Hand Weapons
 a - a +0 short sword (weapon)
 s - a +1 dagger of draining
Armour
 b - a +0 leather armour (worn)
 k - a +0 plate armour
 p - a +2 helmet (worn)
Wands
 c - a wand of flame (11)
 d - a wand of enslavement (15)
 e - a wand of random effects (15)
Scrolls
 i - 3 scrolls of amnesia {unknown}
 m - a scroll of remove curse
 n - a scroll of identify {unknown}
 o - a scroll of random uselessness {unknown}
 r - 2 scrolls of teleportation {unknown}
Potions
 g - a potion of flight
 h - a potion of agility
 j - a potion of mutation
 l - a potion of resistance
 q - a potion of curing {unknown}
Comestibles
 f - 3 rations


   Skills:
 + Level 2.7(2.6) Fighting
 + Level 2.7(2.6) Short Blades
 + Level 1.1(1.0) Long Blades
 + Level 1.1(1.0) Axes
 + Level 1.1(1.0) Maces & Flails
 + Level 1.1(1.0) Polearms
 + Level 1.1(1.0) Staves
 + Level 1.1(1.0) Slings
 + Level 1.1(1.0) Bows
 + Level 1.1(1.0) Crossbows
 + Level 1.1(1.0) Throwing
 + Level 1.1(1.0) Armour
 + Level 4.6(4.5) Dodging
 + Level 2.5(2.4) Stealth
 + Level 1.1(1.0) Shields
 + Level 1.1(1.0) Unarmed Combat
 + Level 1.1(1.0) Spellcasting
 + Level 0.9(0.7) Conjurations
 + Level 0.9(0.7) Hexes
 + Level 0.9(0.7) Charms
 + Level 0.9(0.7) Summonings
 + Level 0.9(0.7) Necromancy
 + Level 0.9(0.7) Translocations
 + Level 0.9(0.7) Transmutations
 + Level 0.9(0.7) Fire Magic
 + Level 0.9(0.7) Ice Magic
 + Level 0.9(0.7) Air Magic
 + Level 0.9(0.7) Earth Magic
 + Level 0.9(0.7) Poison Magic
 + Level 1.2(1.1) Invocations
 + Level 6.6(6.4) Evocations


You had 5 spell levels left.
You didn't know any spells.
Your spell library was empty.

Dungeon Overview and Level Annotations

Branches:
Dungeon (3/15)

Altars:


Innate Abilities, Weirdness & Mutations

Your experience applies equally to all skills.
You have very sharp teeth.
Your uncanny sense of smell can sniff out nearby items.
Scrolls take you a little longer to read.
Your natural rate of healing is unusually fast.


Message History

The orc hits you but does no damage. The orc priest misses you.
The orc closely misses you.
You hit the orc priest but do no damage.
You bite the orc priest.
The orc priest is severely wounded.
The worm bites you but does no damage. The orc hits you but does no damage.
The orc priest invokes the aid of Beogh against you.
Beogh smites you!
* * * LOW HITPOINT WARNING * * *
The orc misses you.
You closely miss the orc priest.
The orc priest is severely wounded.
The orc hits you.
* * * LOW HITPOINT WARNING * * *
The orc priest misses you. The worm closely misses you.
The orc barely misses you.
You closely miss the orc priest.
The orc priest is severely wounded.
The orc barely misses you. The orc hits you.
You die...

..########......†........
..# #...............
..#############..........
...........# #.(........
##.........# #..........
#.........# #..........
##.........# #..(.......
...........# #.ow.......
#..........# #(@o.......
#..........# #..o.......
#..........# #..........
#...###+#### #..........
#....##.### #$.........
#.........# #..........
.....#....# #...$......
.....#....# #..........
.....#....#


You could see a worm, an orc priest and 2 orcs.

Vanquished Creatures
  4 adders
  3 oozes
  A worm (D:3)
  2 dart slugs
  3 leopard geckos
  An orc (D:3)
  6 bats
  A giant cockroach (D:3)
  4 goblins
  A hobgoblin (D:3)
  3 kobolds (D:2)
  2 ball pythons (D:1)
  2 frilled lizards
  3 rats
36 creatures vanquished.

Notes
Turn   | Place    | Note
-------+----------+-------------------------------------------
     0 | D:1      | Emblim88 the Gnoll Artificer began the quest for the Orb.
     0 | D:1      | Reached XP level 1. HP: 17/17 MP: 4/4
   257 | D:1      | Reached XP level 2. HP: 23/23 MP: 6/6
   764 | D:2      | Reached XP level 3. HP: 20/28 MP: 7/7
  1112 | D:2      | Reached skill level 1 in Invocations
  1610 | D:3      | Reached skill level 1 in Long Blades
  1610 | D:3      | Reached skill level 1 in Axes
  1610 | D:3      | Reached skill level 1 in Maces & Flails
  1610 | D:3      | Reached skill level 1 in Polearms
  1610 | D:3      | Reached skill level 1 in Staves
  1610 | D:3      | Reached skill level 1 in Slings
  1610 | D:3      | Reached skill level 1 in Bows
  1610 | D:3      | Reached skill level 1 in Crossbows
  1610 | D:3      | Reached skill level 1 in Throwing
  1610 | D:3      | Reached skill level 1 in Armour
  1610 | D:3      | Reached skill level 1 in Shields
  1610 | D:3      | Reached skill level 1 in Unarmed Combat
  1610 | D:3      | Reached skill level 1 in Spellcasting
  1610 | D:3      | Reached XP level 4. HP: 9/34 MP: 8/8
  1614 | D:3      | Gained mutation: Scrolls take you a little longer to read.
                  | [potion of mutation]
  1614 | D:3      | Gained mutation: Your natural rate of healing is unusually
                  | fast. [potion of mutation]
  1881 | D:3      | HP: 1/34 [orc priest/divine providence (13)]
  1883 | D:3      | Slain by an orc

Levels and vault maps discovered:
D:1:      lightli_arrival_flooded_house, layout_loops_corners
D:2:      layout_rooms, chequers_garden
D:3:      layout_basic

Skill      XL: |  1  2  3 |
---------------+----------+-----
Invocations    | 1 |  1.2
Long Blades    | 1 |  1.1
Axes           | 1 |  1.1
Maces & Flails | 1 |  1.1
Polearms       | 1 |  1.1
Staves         | 1 |  1.1
Slings         | 1 |  1.1
Bows           | 1 |  1.1
Crossbows      | 1 |  1.1
Throwing       | 1 |  1.1
Armour         | 1 |  1.1
Shields        | 1 |  1.1
Unarmed Combat | 1 |  1.1
Spellcasting   | 1 |  1.1
Fighting       | |  2.7
Short Blades   | |  2.7
Dodging        | |  4.6
Stealth        | |  2.5
Conjurations   | |  0.9
Hexes          | |  0.9
Charms         | |  0.9
Summonings     | |  0.9
Necromancy     | |  0.9
Translocations | |  0.9
Transmutations | |  0.9
Fire Magic     | |  0.9
Ice Magic      | |  0.9
Air Magic      | |  0.9
Earth Magic    | |  0.9
Poison Magic   | |  0.9
Evocations     | |  6.6

Action                   |  1- 3 |  4- 6 || total
-------------------------+-------+-------++-------
Melee: Short sword       |    86 |    74 ||   160
       Bite              |    11 |    11 ||    22
Evoke: Wand              |       |     4 ||     4
  Use: Scroll            |     3 |       ||     3
       Potion            |       |     5 ||     5
 Stab: Sleeping          |     5 |     1 ||     6
  Eat: Chunk             |     1 |     1 ||     2
Armor: Leather armour    |    26 |    34 ||    60
Dodge: Dodged            |    61 |   101 ||   162
